AoeStats
← Very ellegant player

Arena

509560214Analyzed
2v2 RM · 4d ago on Sep 27, 2026· 45m 21s· 4 players
Game mode
Random Map
Map size
Medium (4 player)
Population
200
Speed
Normal
Resources
Standard
Victory
Conquest
Starting age
Dark Age
Ending age
Imperial Age
RankedLock teamsTeams togetherTeam positionsShared explorationLock speedFull tech treeHidden civsTurbo modeCheats
Victory
Defeat
🇦🇷 Georgians · Argentina
1176
+10
🇨🇱 Byzantines · Chile
828
+46
🇦🇲 Burgundians · Armenia
1059
-18
🇦🇺 Teutons · Australia
1000
-48
Very ellegant player
11:02 Feudal Age
14:58 Castle Age
13:06 Double-Bit Axe
17:26 Bow Saw
21:32 Wheelbarrow
23:31 Hand Cart
23:58 Loom
28:13 Imperial Age
25:56 Scale Barding Armor
28:05 Gold Mining
29:27 Chain Barding Armor
29:18 Forging
30:39 Bloodlines
30:29 Husbandry
31:09 Plate Barding Armor
31:44 Iron Casting
31:43 Stone Mining
35:40 Conscription
38:01 Blast Furnace
38:26 Town Watch
38:24 Horse Collar
39:26 Stone Shaft Mining
40:21 Elite Monaspa
42:26 Fletching
42:25 Arrowslits
43:01 Ballistics
43:41 Chemistry
42:51 Fortified Wall
42:52 Squires
42:13 Pikeman
42:39 Gambesons
42:39 Arson
kao3385
14:02 Feudal Age
16:32 Horse Collar
18:59 Castle Age
17:02 Gold Mining
17:08 Stone Mining
17:28 Scale Mail Armor
17:33 Double-Bit Axe
22:05 Bow Saw
25:57 Heavy Plow
26:49 Wheelbarrow
27:21 Gold Shaft Mining
26:47 Pikeman
27:28 Squires
30:15 Forging
38:57 Iron Casting
39:21 Chain Mail Armor
44:41 Imperial Age
Kill_zone
12:24 Feudal Age
12:06 Double-Bit Axe
12:05 Horse Collar
13:52 Loom
16:48 Castle Age
14:53 Gold Mining
20:31 Scale Barding Armor
20:37 Forging
21:36 Chain Barding Armor
26:20 Imperial Age
bob123454
15:17 Feudal Age
26:17 Castle Age
31:38 Bloodlines
40:58 Imperial Age
Connection lost

Rejoining the realm…

Still unreachable

The connection could not be restored.

Session expired

The server has moved on; the page needs a fresh start.